 Dungeon Crawl Stone Soup version 0.23.2-33-g5129a83184 (webtiles) character file.

Game seed: 17105875476789260279

82918 psyvane the Warrior (level 15, -5/134 HPs)
             Began as a Minotaur Berserker on June 28, 2019.
             Was a High Priest of Trog.
             Killed by divine providence
             ... invoked by a smoke demon
             ... summoned by an orc high priest
              (15 damage)
             ... on level 2 of the Orcish Mines on June 29, 2019.
             The game lasted 02:05:58 (22859 turns).

psyvane the Warrior (Minotaur Berserker)           Turns: 22859, Time: 02:06:00

Health: -5/134     AC: 23    Str: 23    XL:     15   Next: 30%
Magic:  14/14      EV: 15    Int:  7    God:    Trog [*****.]
Gold:   2036       SH:  0    Dex: 15    Spells: 14/14 levels left

rFire    . . .     SeeInvis .   s - +4 lajatang (elec)
rCold    . . .     Gourm    .   (shield currently unavailable)
rNeg     . . .     Faith    .   B - +5 chain mail
rPois    .         Spirit   .   U - +2 hat {Int+3}
rElec    .         Reflect  .   e - scarf {cloud immunity}
rCorr    .         Harm     .   (no gloves)
MR       ++++.     Rnd*Tele +   q - +0 pair of boots
Stlth    ..........             (no amulet)
HPRegen  1.32/turn              C - ring of protection from magic
MPRegen  0.14/turn              k - +1 ring of evasion

@: berserk cooldown, regenerating, slowed, very slow
A: retaliatory headbutt, horns 2, frail 1, teleportitis 1
a: Berserk, Trog's Hand, Brothers in Arms, Renounce Religion


You were on level 2 of the Orcish Mines.
You worshipped Trog.
Trog was extremely pleased with you.
You were very hungry.

You visited 3 branches of the dungeon, and saw 21 of its levels.
You visited the Abyss 1 time.

You collected 2130 gold pieces.
You spent 94 gold pieces at shops.

Inventory:

Hand Weapons
 s - a +4 lajatang of electrocution (weapon)
 u - a +7 flail of protection
 E - a +2 longbow of flaming
Armour
 e - a scarf of cloud immunity (worn)
 g - a +1 scale mail of poison resistance
 q - a +0 pair of boots (worn)
 r - +0 swamp dragon scales
 B - a +5 chain mail (worn)
 H - a +0 plate armour
 U - a +2 hat of intelligence (worn)
Jewellery
 a - the ring "Widgheett" {*Contam +Fly Int+9 Stlth+}
   (You found it on level 4 of the Lair of Beasts)

   [ring of flight]

   It affects your intelligence (+9).
   It lets you fly.
   It causes magical contamination when unequipped.
   It makes you more stealthy.
 i - an uncursed ring of poison resistance
 k - a +1 ring of evasion (right hand)
 y - an uncursed ring of protection from magic
 z - an uncursed ring of protection from cold
 C - a ring of protection from magic (left hand)
 P - an uncursed ring of protection from fire
 W - an uncursed ring of stealth
Wands
 b - a wand of acid (9)
 f - a wand of scattershot (5)
 h - a wand of flame (11)
 o - a wand of iceblast (21)
 x - a wand of polymorph (12)
 V - a wand of digging (5)
 Y - a wand of enslavement (5)
Scrolls
 l - 10 scrolls of remove curse
 m - 2 scrolls of teleportation
 v - 3 scrolls of identify
 w - 3 scrolls of magic mapping
 J - a scroll of fog
 O - 2 scrolls of fear
 T - a scroll of summoning
Potions
 d - a potion of magic
 j - 2 potions of ambrosia
 n - 3 potions of flight
 p - 2 potions of curing
 t - 2 potions of berserk rage
 A - 2 potions of resistance
 F - 2 potions of agility
 L - 4 potions of cancellation
 N - 2 potions of invisibility
 S - 3 potions of brilliance
Comestibles
 c - 13 rations
 G - a chunk of flesh


   Skills:
 - Level 18.0 Fighting
   Level 1.2 Short Blades
   Level 1.4(9.5) Axes
 - Level 14.1(15.0) Maces & Flails
   Level 1.3(5.9) Polearms
 * Level 9.0(12.6) Staves
 - Level 17.6 Armour
 - Level 9.7 Dodging


You had 14 spell levels left.
You didn't know any spells.
Your spell library was empty.

Dungeon Overview and Level Annotations

Branches:
Dungeon (13/15)            Temple (0/1) D:5            Lair (6/6) D:9
 Shoals (0/4) Lair:2        Snake (0/4) Lair:2        Slime (0/5) Lair:6
    Orc (2/2) D:11         Vaults (0/5) D:13
    Elf: Orc:2

Altars:
Ashenzari
Cheibriados
Dithmenos
Fedhas
Gozag
Kikubaaqudgha
Qazlal
Ru
Sif Muna
Trog
Vehumet
Wu Jian
Xom
Yredelemnul
Zin
The Shining One
Beogh
Jiyva

Shops:
D:4 :   D:7 %   D:9 *   Orc:2 :

Annotations:
D:7 2 transporters
Lair:4 exclusion: 3 oklob plants, Sonja


Innate Abilities, Weirdness & Mutations

You reflexively headbutt those who attack you in melee.
You have a pair of horns on your head.
You are frail. (-10% HP)
You are occasionally teleported next to monsters.


Message History

Your deep troll claws the soul eater!
Your deep troll closely misses the soul eater.
The soul eater closely misses your deep troll.
The orc priest begins to cast a cantrip, but forgets the words!
The orc warrior hits you but does no damage.
The orc warrior hits your deep troll with a +0 battleaxe.
You swap places.
Your deep troll misses the orc warrior.
Your deep troll claws the orc warrior!
Your deep troll claws the orc warrior!!
The orc warrior dies!
Trog accepts your kill. The soul eater hits your deep troll!!
Your deep troll bites the soul eater.
Your deep troll claws the soul eater!!
The soul eater dies!
The orc knight roars a battlecry!
The orc priest mumbles some strange prayers to Beogh against you.
Beogh smites you!
* * * LOW HITPOINT WARNING * * *
The smoke demon gestures at you. Beogh smites you!
You die...

#####.............#
####...##..)
##............####.###.#.#.))
#..............#.....#.....).
##.#........................)
##.#....[.8.8..#........#..<.
#...(.......)...##...........
#...(.(.##'')##...#..........
##(..(###...).###............
##...## #8.o@8# ##...........
#..(.# ##.oT## #....<......
##.#.# #.3o# #.#.........
###.#


+o3oo #..#......#. #.# #..o#. #.......#... #.# #.8.### #......#.... #.# #...#
#.....##.... #.# +...' #..........# #.# #...# #.........#. You could see an orc
knight, a soul eater, an orc high priest, a smoke demon, 2 orc warriors, 2 orc
priests, an orc and a friendly deep troll (berserk).

Vanquished Creatures
  Jorgrun (D:13)
  Rupert (Lair:5)
  2 tentacled starspawn
  Gastronok (D:11)
  An orc warlord (Orc:2)
  An ironheart preserver (D:13)
  Azrael (Orc:2)
  Nessos (Orc:2)
  Josephine (D:11)
  A fire dragon (Lair:6)
  Harold (D:11)
  Erolcha (D:11)
  6 hydras
  A catoblepas (D:12)
  9 death yaks
  2 thrashing horrors (Abyss:2)
  A soul eater (Abyss:2)
  An unseen horror (D:10)
  A wizard (Abyss:2)
  An anaconda skeleton (Abyss:2)
  Pikel (D:4)
  A swamp dragon (Lair:6)
  2 orc knights
  10 ugly things
  An orc sorcerer (Orc:1)
  A manticore (D:13)
  The ghost of doot the Chiller, a novice BaIE of Vehumet (D:9)
  12 elephants
  2 worldbinders
  A centaur zombie (D:12)
  Maurice (D:13)
  An apocalypse crab (Abyss:3)
  A fire giant skeleton (Abyss:2)
  Psyche (D:8)
  An orange demon (Abyss:3)
  A smoke demon (Lair:4)
  A gargoyle (D:11)
  4 black mambas
  7 spiny frogs
  4 rime drakes (Lair:6)
  3 centaur skeletons
  A demonic crawler (Abyss:2)
  2 ice devils (Lair:6)
  A komodo dragon (Lair:1)
  An ancient zyme (Abyss:3)
  5 polar bears
  4 trolls
  2 polar bears (shapeshifter) (D:9)
  Grinder (D:5)
  A hornet (D:12)
  9 blink frogs
  A snapping turtle (Lair:2)
  4 dream sheep (Lair:6)
  8 raiju
  16 hippogriffs
  Sigmund (D:5)
  A vampire (Abyss:2)
  3 wyverns
  6 wraiths (D:11)
  5 basilisks
  53 yaks
  A steam dragon (Lair:6)
  4 fire elementals (Orc:2)
  A hungry ghost (D:12)
  2 neqoxecs
  5 vampire mosquitoes (D:13)
  A chaos spawn (Abyss:2)
  Menkaure (D:6)
  2 wargs (Orc:2)
  4 water moccasins
  9 porcupines
  2 acid dragons
  Duvessa (D:5)
  13 orc warriors
  4 black bears
  3 slaves (D:4)
  7 ice beasts
  4 sky beasts
  A phantom (D:8)
  2 eyes of draining
  A necrophage (D:13)
  7 ogres
  A tengu (shapeshifter) (D:9)
  6 wolves
  A wolf (shapeshifter) (D:13)
  3 centaurs
  3 big kobolds
  13 crocodiles
  A wyvern zombie (D:11)
  25 bullfrogs
  Dowan (D:5)
  A water moccasin skeleton (D:8)
  5 scorpions
  A small abomination (Abyss:3)
  20 killer bees
  5 howler monkeys
  An electric eel (Lair:2)
  5 crimson imps
  2 quasits
  A bullfrog zombie (D:10)
  3 jellies (D:8)
  7 hounds
  6 orc priests
  2 bullfrog skeletons
  15 orc wizards
  9 iguanas
  6 worker ants
  A hound skeleton (D:4)
  A howler monkey zombie (D:6)
  5 gnolls
  14 adders
  A shadow imp (Abyss:2)
  6 oozes
  3 adder skeletons (D:9)
  An adder zombie (D:9)
  3 worms
  2 dart slugs (D:3)
  5 leopard geckos
  49 orcs
  5 giant cockroaches
  4 goblins
  7 hobgoblins
  8 jackals
  21 kobolds
  3 quokkas
  A ball python skeleton (D:5)
  8 bats
  5 frilled lizards
  3 rats
  A spectral orc (D:6)
  2 fungi (D:9)
  A plant (D:9)
595 creatures vanquished.

Vanquished Creatures (collateral kills)
  An unseen horror (D:13)
  A troll (shapeshifter) (D:9)
  A meliai (shapeshifter) (D:9)
  A wraith (D:13)
  2 neqoxecs (D:9)
  2 orc warriors
  A killer bee (D:7)
  A hound (D:13)
  2 orcs
12 creatures vanquished.

Vanquished Creatures (others)
  A small abomination (Abyss:2)
  A jelly (D:4)
  An ufetubus (Abyss:2)
  A ball python (D:4)
  3 bushes (Abyss:2)
  5 demonic plants (Abyss:2)
  7 fungi
  A lurking horror (Abyss:2)
  11 plants
  4 starspawn tentacles (Abyss:3)
35 creatures vanquished.

Grand Total: 642 creatures vanquished

Notes
Turn   | Place    | Note
-------+----------+-------------------------------------------
     0 | D:1      | psyvane the Minotaur Berserker began the quest for the Orb.
     0 | D:1      | Reached XP level 1. HP: 19/19 MP: 0/0
    47 | D:1      | Reached XP level 2. HP: 22/27 MP: 1/1
   287 | D:1      | Reached XP level 3. HP: 19/33 MP: 2/2
   911 | D:2      | Reached skill level 5 in Maces & Flails
   921 | D:2      | Reached XP level 4. HP: 11/40 MP: 3/3
  1309 | D:2      | Found a snail-covered altar of Cheibriados.
  1487 | D:2      | Found a bloodstained altar of Trog.
  1645 | D:2      | Found a stormy altar of Qazlal.
  2102 | D:3      | Found a shadowy altar of Dithmenos.
  2139 | D:3      | Found a shattered altar of Ashenzari.
  2289 | D:3      | Reached XP level 5. HP: 44/46 MP: 4/4
  2292 | D:3      | Found a radiant altar of Vehumet.
  2317 | D:3      | Found an ancient bone altar of Kikubaaqudgha.
  2334 | D:3      | Reached ** piety under Trog
  2422 | D:3      | Found a glowing golden altar of the Shining One.
  2433 | D:3      | Found a deep blue altar of Sif Muna.
  2644 | D:3      | Found a bloodstained altar of Trog.
  2644 | D:3      | Noticed an eye of draining
  2650 | D:3      | Killed an eye of draining
  2714 | D:3      | Reached XP level 6. HP: 44/52 MP: 5/5
  2786 | D:4      | Found a glowing golden altar of the Shining One.
  2797 | D:4      | Noticed a slave
  2798 | D:4      | Noticed Pikel
  2798 | D:4      | Noticed a slave
  2799 | D:4      | Noticed a slave
  2799 | D:4      | Noticed a slave
  2806 | D:4      | Killed a slave
  2817 | D:4      | Killed a slave
  2822 | D:4      | Killed a slave
  2828 | D:4      | Killed Pikel
  2828 | D:4      | Reached skill level 10 in Maces & Flails
  2828 | D:4      | Reached XP level 7. HP: 39/58 MP: 6/6
  3162 | D:4      | Found a blossoming altar of Fedhas.
  3322 | D:4      | Found Neeguxt's Book Shoppe.
  3674 | D:5      | Entered Level 5 of the Dungeon
  3674 | D:5      | Noticed Grinder
  3684 | D:5      | Killed Grinder
  3684 | D:5      | Reached XP level 8. HP: 55/66 MP: 7/7
  3853 | D:5      | Noticed Duvessa
  3853 | D:5      | Noticed Dowan
  3861 | D:5      | Killed Duvessa
  3862 | D:5      | Killed Dowan
  3976 | D:5      | Noticed Sigmund
  3979 | D:5      | Killed Sigmund
  4510 | D:5      | Found a staircase to the Ecumenical Temple.
  4543 | D:5      | Got a crude whip
  5339 | D:6      | Reached XP level 9. HP: 71/71 MP: 8/8
  5475 | D:6      | Noticed Menkaure
  5483 | D:6      | Killed Menkaure
  5641 | D:6      | Reached *** piety under Trog
  5836 | D:6      | Found a basalt altar of Yredelemnul.
  6147 | D:7      | Reached skill level 1 in Axes
  6152 | D:7      | Reached skill level 1 in Short Blades
  6152 | D:7      | Reached skill level 1 in Polearms
  6166 | D:7      | Reached skill level 4 in Fighting
  6220 | D:7      | Found a transporter.
  6220 | D:7      | Noticed an angel
  6228 | D:7      | Noticed a kobold demonologist
  6461 | D:7      | Found Iqipraz's Food Emporium.
  6498 | D:7      | Found a glowing silver altar of Zin.
  6499 | D:7      | Found a shimmering altar of Xom.
  6543 | D:7      | Reached skill level 5 in Fighting
  6552 | D:7      | Found an ornate altar of the Wu Jian Council.
  6612 | D:7      | Found a transporter.
  6667 | D:7      | Reached skill level 5 in Armour
  7211 | D:8      | Found an opulent altar of Gozag.
  7390 | D:8      | Reached skill level 6 in Fighting
  7549 | D:8      | Noticed Psyche
  7555 | D:8      | Killed Psyche
  7739 | D:8      | Reached XP level 10. HP: 67/84 MP: 9/9
  7843 | D:9      | Found a staircase to the Lair.
  7856 | D:9      | Reached skill level 7 in Fighting
  7862 | D:9      | Reached **** piety under Trog
  8011 | D:9      | Reached skill level 8 in Fighting
  8272 | D:9      | Found a runed translucent gate.
  8272 | D:9      | Found a runed translucent gate.
  8273 | D:9      | Found a runed translucent gate.
  8273 | D:9      | Noticed a green ugly thing
  8275 | D:9      | Noticed a brown ugly thing
  8346 | D:9      | Found Kiynweax's Assorted Antiques.
  8362 | D:9      | Bought a fizzy orange potion for 22 gold pieces
  8362 | D:9      | Bought a scroll of identify for 50 gold pieces
  8362 | D:9      | Bought a glowing cyan potion for 22 gold pieces
  8493 | D:9      | Found a sacrificial altar of Ru.
  8632 | D:9      | Noticed a green ugly thing
  8672 | D:10     | Entered Level 10 of the Dungeon
  8990 | Lair:1   | Entered Level 1 of the Lair of Beasts
  9084 | Lair:1   | Reached skill level 5 in Dodging
  9088 | Lair:1   | Reached skill level 9 in Fighting
  9287 | Lair:1   | Got a scorched great sword
  9538 | Lair:1   | Reached XP level 11. HP: 96/99 MP: 10/10
  9610 | Lair:1   | Reached skill level 10 in Armour
  9620 | Lair:1   | Reached skill level 10 in Fighting
 10426 | Lair:2   | Found a staircase to the Snake Pit.
 11326 | Lair:2   | Found a staircase to the Shoals.
 11337 | Lair:2   | Reached skill level 11 in Fighting
 12062 | Lair:3   | Reached XP level 12. HP: 112/112 MP: 11/11
 12391 | Lair:3   | Reached ***** piety under Trog
 12456 | Lair:3   | Reached skill level 12 in Fighting
 12908 | Lair:4   | Noticed a six-headed hydra
 12918 | Lair:4   | Killed a six-headed hydra
 13093 | Lair:4   | Reached skill level 13 in Fighting
 13296 | Lair:4   | Noticed an eight-headed hydra
 13302 | Lair:4   | Killed an eight-headed hydra
 13456 | Lair:4   | Noticed a five-headed hydra
 13465 | Lair:4   | Killed a five-headed hydra
 13842 | Lair:4   | Got an ancient silver ring
 13905 | Lair:4   | Noticed Sonja
 14119 | Lair:4   | Cast into level 2 of the Abyss (Sonja)
 14192 | Abyss:2  | Noticed a rakshasa
 14194 | Abyss:2  | Lost intelligence.
 14255 | Abyss:2  | Reached skill level 14 in Fighting
 14278 | Abyss:2  | Reached XP level 13. HP: 46/124 MP: 12/12
 14674 | Abyss:2  | Noticed a tentacled starspawn
 14683 | Abyss:2  | Killed a tentacled starspawn
 14683 | Abyss:2  | Reached skill level 15 in Armour
 14698 | Abyss:2  | Found a corrupted altar of Lugonu.
 14754 | Abyss:3  | Found a corrupted altar of Lugonu.
 14800 | Abyss:3  | Reached skill level 15 in Fighting
 14807 | Abyss:3  | Noticed a tentacled starspawn
 14818 | Abyss:3  | Found a corrupted altar of Lugonu.
 14826 | Abyss:3  | Killed a tentacled starspawn
 14830 | Abyss:3  | Noticed a starcursed mass
 14833 | Lair:4   | Escaped the Abyss
 14833 | Lair:4   | HP: 4/127 [burnt (11)]
 14835 | Lair:4   | HP: 1/127 [burnt (5)]
 15585 | Lair:5   | Noticed Rupert
 15602 | Lair:5   | Killed Rupert
 16096 | Lair:5   | Reached skill level 16 in Fighting
 16424 | Lair:5   | Identified the ring "Widgheett" {*Contam +Fly Int+9 Stlth+}
                  | (You found it on level 4 of the Lair of Beasts)
 16448 | Lair:5   | Received a gift from Trog
 16758 | Lair:6   | Entered Level 6 of the Lair of Beasts
 16773 | Lair:6   | Reached XP level 14. HP: 137/137 MP: 13/13
 17724 | Lair:6   | Found a staircase to the Slime Pits.
 17724 | Lair:6   | Found a viscous altar of Jiyva.
 18022 | D:9      | Reached skill level 17 in Fighting
 18034 | D:9      | Found a runed translucent gate.
 18034 | D:9      | Found a runed translucent gate.
 18039 | D:9      | Noticed doot's ghost (novice BaIE)
 18040 | D:9      | Found a runed translucent gate.
 18077 | D:9      | Gained mutation: You are frail. (-10% HP) [a neqoxec]
 18078 | D:9      | Gained mutation: You are occasionally teleported next to
                  | monsters. [a neqoxec]
 18086 | D:9      | Killed doot's ghost
 18554 | D:10     | Received a gift from Trog
 18749 | D:11     | Noticed Josephine
 18781 | D:11     | Killed Josephine
 18941 | D:11     | Noticed Harold
 18956 | D:11     | Killed Harold
 19016 | D:11     | Noticed Erolcha
 19023 | D:11     | Killed Erolcha
 19120 | D:11     | Found a staircase to the Orcish Mines.
 19148 | D:11     | Noticed Gastronok
 19157 | D:11     | Killed Gastronok
 19873 | D:12     | Found a gate leading to a gauntlet.
 19945 | D:12     | Reached skill level 18 in Fighting
 20441 | D:13     | Reached skill level 1 in Staves
 20625 | D:13     | Found a basalt altar of Yredelemnul.
 21044 | D:13     | Noticed Jorgrun
 21044 | D:13     | Noticed an ironheart preserver
 21045 | D:13     | Found a gate to the Vaults.
 21058 | D:13     | Killed an ironheart preserver
 21058 | D:13     | Reached XP level 15. HP: 134/134 MP: 14/14
 21061 | D:13     | Killed Jorgrun
 21061 | D:13     | Reached skill level 5 in Staves
 21172 | D:13     | Received a gift from Trog
 21520 | D:13     | Found a deep blue altar of Sif Muna.
 21558 | D:13     | Noticed Maurice
 21576 | D:13     | Killed Maurice
 22195 | Orc:1    | Entered Level 1 of the Orcish Mines
 22371 | Orc:2    | Entered Level 2 of the Orcish Mines
 22377 | Orc:2    | Noticed Azrael
 22392 | Orc:2    | Killed Azrael
 22493 | Orc:2    | Found Usucikk's Book Shop.
 22578 | Orc:2    | Noticed Nessos
 22593 | Orc:2    | Killed Nessos
 22724 | Orc:2    | Found a roughly hewn altar of Beogh.
 22831 | Orc:2    | Noticed an orc warlord
 22850 | Orc:2    | Killed an orc warlord
 22855 | Orc:2    | HP: 2/134 [soul eater/drain life[an orc high priest] (18)]
 22859 | Orc:2    | Killed from afar by a smoke demon

Skill      XL: |  1  2  3  4  5  6  7  8  9 10 11 12 13 14 15 |
---------------+----------------------------------------------+-----
Maces & Flails | 4 5 6 8 10 11 13 14 | 14.1
Axes           | 1 |  1.4
Short Blades   | 1 |  1.2
Polearms       | 1 |  1.3
Fighting       | 6 9 11 14 16 18 | 18.0
Armour         | 6 9 12 14 16 17 | 17.6
Dodging        | 3 5 6 7 8 9 |  9.7
Staves         | 4 9 |  9.0

Action                   |  1- 3 |  4- 6 |  7- 9 | 10-12 | 13-15 || total
-------------------------+-------+-------+-------+-------+-------++-------
Melee: Mace              |    48 |   112 |       |       |       ||   160
       Headbutt          |     7 |    24 |    40 |   144 |   213 ||   428
       Flail             |       |    25 |   242 |   587 |   590 ||  1444
       Lajatang          |       |       |       |       |   222 ||   222
Invok: Berserk           |       |     2 |     8 |    15 |    29 ||    54
       Trog's Hand       |       |     1 |       |     5 |    19 ||    25
       Brothers in Arms  |       |       |       |       |     6 ||     6
  Use: Scroll            |     2 |     8 |     4 |    15 |    12 ||    41
       Potion            |       |       |       |     3 |    15 ||    18
 Stab: Invisible         |       |       |       |       |     1 ||     1
  Eat: Chunk             |       |     7 |    16 |    25 |    30 ||    78
       Ration            |       |       |     3 |     3 |    10 ||    16
Armor: Animal skin       |     2 |       |       |       |       ||     2
       Ring mail         |    19 |    40 |    23 |       |       ||    82
       Chain mail        |       |       |    83 |   327 |   437 ||   847
Dodge: Dodged            |    36 |    67 |   133 |   335 |   554 ||  1125
